 Seeded DCSS version 0.32-a0-953-g508020473e (webtiles) character file.

Game seed: 202404161 (custom seed)

8 Orlauf the Chopper (level 2, -1/22 HPs)
             Began as a Demonspawn Gladiator on Apr 16, 2024.
             Slain by Sigmund
             ... wielding a +0 scythe
              (9 damage)
             ... on level 2 of the Dungeon.
             The game lasted 00:00:34 (228 turns).

Orlauf the Chopper (Demonspawn Gladiator)            Turns: 228, Time: 00:00:36

Health: -1/22      AC:  4    Str: 14    XL:     2   Next: 0%
Magic:  2/2        EV: 11    Int:  8    God:
Gold:   8          SH:  0    Dex: 14    Spells: 1/1 levels left

rFire   . . .        b - +0 battleaxe
rCold   . . .        (shield currently unavailable)
rNeg    . . .        i - +0 leather armour
rPois   .            c - +0 helmet
rElec   .            (no cloak)
rCorr   .            (no gloves)
SInv    .            (no boots)
Will    .....        (no amulet)
Stlth   +            (no ring)
HPRegen 0.23/turn    (no ring)
MPRegen 0.08/turn

%: no passive effects
@: confused
A: powered by death 1
a: no special abilities


You were on level 2 of the Dungeon.
You visited 1 branch of the dungeon, and saw 2 of its levels.

You collected 8 gold pieces.

Inventory:

Hand Weapons
 a - a +0 war axe
 b - a +0 battleaxe (weapon)
Missiles
 d - a throwing net (quivered)
 e - a javelin
Armour
 c - a +0 helmet (worn)
 i - a +0 leather armour (worn)
Scrolls
 f - 2 scrolls of teleportation {unknown}
Potions
 h - a potion of brilliance {unknown}


   Skills:
 + Level 2.2 Fighting
 * Level 3.0 Axes
 - Level 1.7 Throwing
 - Level 2.6 Dodging


You had one spell level left.
You didn't know any spells.
Your spell library was empty.

Dungeon Overview and Level Annotations

Branches:
Dungeon (1/15)

Altars:

Annotations:
D:2 Sigmund


Innate Abilities, Weirdness & Mutations

You regenerate a little health from kills.


Message History

Press: ? - help, Q - select action, (/) - cycle Shift-Dir - straight line, f/p - Sigmund
Aim: Sigmund, wielding a +0 scythe and wearing a +0 robe (52% to hit)
You throw a throwing net. The throwing net hits Sigmund.
Sigmund is caught in the net!
The endoplasm quivers.
Sigmund struggles against the net.
A frilled lizard comes into view.
Found a stone staircase leading down.
The frilled lizard hisses angrily.
Sigmund casts a spell at you.
You are confused.
Sigmund struggles against the net.
The frilled lizard moves out of view.
You are too confused!
You are too confused!
It was a potion of ambrosia.
You are more confused.
You feel invigorated.
You bump into the rock wall.
Sigmund struggles against the net.
A ribbon worm comes into view.
Sigmund struggles against the net.
The endoplasm attacks as it pursues you!
The endoplasm hits you but does no damage.
You feel less invigorated.
Sigmund struggles against the net.
The net rips apart, and Sigmund comes free!
The endoplasm freezes you.
You are frozen.
You hit the endoplasm.
The endoplasm is heavily wounded.
You miss the frilled lizard. The endoplasm freezes you.
You are frozen.
The frilled lizard misses you.
Sigmund hits you from afar with a +0 scythe.
The frilled lizard barely misses you. The endoplasm barely misses you.
You closely miss the endoplasm.
The endoplasm is heavily wounded.
You barely miss the frilled lizard. The endoplasm hits you.
The frilled lizard closely misses you.
Sigmund hits you from afar with a +0 scythe!
You die...
Sigmund begins carving another notch in his scythe.

#.. #.. .# #... ####.##
#...######......
##(.w.@.@l.....# #.....
........J...#..# .....
............#..# ....
...>...........# ...
.......#.......#####.....
.#.......$...........# #.
#...#.#######.......# #.
#...#. #.####### #. #..
#. #.# ###.


You could see Sigmund, a ribbon worm, an endoplasm and a frilled lizard.

Vanquished Creatures
  A ribbon worm (D:2)
  A bat (D:2)
  A hobgoblin (D:2)
  A quokka (D:2)
  A frilled lizard (D:2)
5 creatures vanquished.

Notes
Turn   | Place    | Note
-------+----------+-------------------------------------------
     0 | D:1      | Orlauf the Demonspawn Gladiator began the quest for the
                  | Orb.
     0 | D:1      | Reached XP level 1. HP: 16/16 MP: 1/1
    63 | D:1      | You fall into a shaft and drop 1 floor!
   144 | D:2      | Reached skill level 3 in Axes
   148 | D:2      | Gained mutation: You regenerate a little health from kills.
                  | [demonic ancestry]
   148 | D:2      | Reached XP level 2. HP: 13/22 MP: 2/2
   217 | D:2      | Noticed Sigmund
   228 | D:2      | Slain by Sigmund

Illustrated notes

Levels and vault maps discovered:
D:1:      nzn_arrival_water_spiral, layout_basic,
          hangedman_decor_clover_reticule
D:2:      layout_loops_cross, shapermc_ecumenical_altar_acropolis, basic_altar,
          minmay_joined_circles, uniq_sigmund

Skill      XL: |  1 |
---------------+----+-----
Axes           | 3 |  3.0
Fighting       | |  2.2
Throwing       | |  1.7
Dodging        | |  2.6

Action                     || total
---------------------------++-------
  Melee: War axe           ||    21
         Battleaxe         ||     2
  Throw: Throwing net      ||     2
    Use: Potion            ||     1
 Armour: Leather armour    ||    17
  Dodge: Dodged            ||    19

Table legend: (Time is in decaauts)
 A = Elapsed time spent in this place.
 B = Non-inter-level travel time spent in this place.
 C = Inter-level travel time spent in this place.
 D = Time resting spent in this place.
 E = Time spent auto-exploring this place.
 F = Levels seen in this place.
 G = Mean time per level.
                   A        B        C        D        E       F      G
               +--------+--------+--------+--------+--------+-----+--------+
         Total |    235 |    235 |      0 |     31 |    133 |   2 |  117.5 |
       Dungeon |    235 |    235 |      0 |     31 |    133 |   2 |  117.5 |
               +--------+--------+--------+--------+--------+-----+--------+

Top non-repeatable levels by time:
     D:2: 172 daAuts
     D:1: 63 daAuts
